 Dungeon Crawl Stone Soup version 0.23.1-42-g8abd8fc (webtiles) character file.

Game seed: 9257016693664839804

248 Borgoz the Cutter (level 6, -9/37 HPs)
             Began as a Gargoyle Gladiator on Mar 30, 2019.
             Splashed by Ijyb's acid (10 damage)
             ... on level 3 of the Dungeon.
             The game lasted 00:03:03 (2413 turns).

Borgoz the Cutter (Gargoyle Gladiator)              Turns: 2413, Time: 00:03:04

Health: -9/37      AC:  9    Str: 17    XL:     6   Next: 12%
Magic:  6/6        EV: 13    Int:  9    God:
Gold:   88         SH:  0    Dex: 13    Spells: 5/5 levels left

rFire    . . .     SeeInvis .   a - +0 rapier
rCold    . . .     Gourm    .   (no shield)
rNeg     + . .     Faith    .   b - +0 leather armour
rPois    ∞         Spirit   .   c - +0 helmet
rElec    +         Reflect  .   (no cloak)
rCorr    .         Harm     .   n - +0 pair of gloves
MR       .....                  (no boots)
Stlth    ++........             (no amulet)
HPRegen  0.12/turn              (no ring)
MPRegen  0.10/turn              (no ring)

@: no status effects
A: negative energy resistance 1, electricity resistance, unbreathing,
petrification resistance, rot immunity, AC +4
a: no special abilities


You were on level 3 of the Dungeon.
You were not hungry.

You visited 1 branch of the dungeon, and saw 3 of its levels.

You collected 88 gold pieces.

Inventory:

Hand Weapons
 a - a +0 rapier (weapon)
Missiles
 e - 4 tomahawks
 q - a throwing net (quivered)
Armour
 b - a +0 leather armour (worn)
 c - a +0 helmet (worn)
 n - a +0 pair of gloves (worn)
Jewellery
 A - a +3 ring of strength {unknown}
Wands
 y - a wand of iceblast (6)
Scrolls
 d - a scroll of immolation {unknown}
 g - a scroll of fear {unknown}
 i - a scroll of enchant armour {unknown}
 j - 3 scrolls of amnesia {unknown}
 k - 5 scrolls of remove curse {unknown}
 p - 2 scrolls of identify {unknown}
 s - a scroll of enchant weapon {unknown}
 w - a scroll of noise {unknown}
 x - a scroll of teleportation {unknown}
Potions
 h - a potion of cancellation {unknown}
 l - 4 potions of curing {unknown}
 m - a potion of brilliance {unknown}
 o - 2 potions of heal wounds {unknown}
 r - a potion of mutation {unknown}
 t - a potion of lignification {unknown}
 u - a potion of degeneration {unknown}
 v - 2 potions of magic {unknown}
 z - a potion of ambrosia {unknown}
Comestibles
 f - 4 rations
 B - 9 chunks of flesh


   Skills:
 + Level 3.4 Fighting
 * Level 4.1 Short Blades
 - Level 1.7 Throwing
 * Level 2.3 Armour
 * Level 3.1 Dodging
 + Level 2.3 Stealth


You had 5 spell levels left.
You didn't know any spells.
Your spell library was empty.

Dungeon Overview and Level Annotations

Branches:
Dungeon (3/15)

Altars:
Hepliaklqana
The Shining One

Annotations:
D:3 Ijyb


Innate Abilities, Weirdness & Mutations

You are resistant to torment.
Your stone body is resilient. (AC +4)
You are immune to poison.
You resist negative energy. (rN+)
You are resistant to electric shocks. (rElec)
You can survive without breathing.
You are immune to petrification.
You are immune to rotting.


Message History

Ijyb hits you with a +4 dagger of venom.
You closely miss Ijyb.
Ijyb is moderately wounded.
The frilled lizard barely misses you. The kobold hits you. Ijyb misses you.
You are too injured to fight recklessly!
You are too injured to fight recklessly!
You are too injured to fight recklessly!
You are too injured to fight recklessly!
You are too injured to fight recklessly!
Unknown command.
The frilled lizard barely misses you.
Some of the chunks of flesh in your inventory have rotted away.
You are no longer corroded.
Ijyb zaps a wand.
The bolt of acid hits the kobold!
The kobold is splashed with acid.
The acid corrodes the kobold!
The kobold dies!
The bolt of acid hits you!
* * * LOW HITPOINT WARNING * * *
You are splashed with acid!
You die...

.............#
#...
.............#
##..
..........####
#.>
............#
#######
#####.......#
#......
#....(..#
#......
#.......#
#......
#.......#
#......
#@......#
#......
#.l.....#
#).....
#.......#
#......
#g......#
#######
#.......# #
#######.......#
..............#
.........######
........(#


You could see Ijyb and a frilled lizard.

Vanquished Creatures
  A centaur (D:2)
  Terence (D:2)
  4 gnolls (D:3)
  3 adders (D:2)
  An ooze (D:2)
  3 worms
  5 leopard geckos
  5 orcs (D:3)
  2 ball pythons
  6 bats
  A giant cockroach (D:2)
  5 goblins
  2 hobgoblins (D:2)
  8 frilled lizards
  8 kobolds
  8 rats
63 creatures vanquished.

Vanquished Creatures (others)
  A kobold (D:3)
1 creature vanquished.

Grand Total: 64 creatures vanquished

Notes
Turn   | Place    | Note
-------+----------+-------------------------------------------
     0 | D:1      | Borgoz the Gargoyle Gladiator began the quest for the Orb.
     0 | D:1      | Reached XP level 1. HP: 12/12 MP: 1/1
   231 | D:1      | Reached XP level 2. HP: 17/17 MP: 2/2
   887 | D:1      | Reached skill level 3 in Short Blades
   992 | D:2      | Reached skill level 1 in Stealth
   992 | D:2      | Reached XP level 3. HP: 21/22 MP: 3/3
  1017 | D:2      | Reached skill level 1 in Armour
  1018 | D:2      | Noticed a centaur
  1036 | D:2      | Killed a centaur
  1036 | D:2      | Reached XP level 4. HP: 7/28 MP: 4/4
  1294 | D:2      | Reached XP level 5. HP: 32/32 MP: 5/5
  1321 | D:2      | Noticed Terence
  1330 | D:2      | Killed Terence
  1476 | D:2      | Found a hazy altar of Hepliaklqana.
  1942 | D:3      | Noticed a centaur
  2175 | D:3      | Reached skill level 4 in Short Blades
  2318 | D:3      | Reached XP level 6. HP: 37/37 MP: 6/6
  2368 | D:3      | Found a glowing golden altar of the Shining One.
  2393 | D:3      | Noticed Ijyb
  2413 | D:3      | HP: 1/37 [Ijyb/wand of acid (6) (17)]
  2413 | D:3      | Splashed by Ijyb's acid

Skill      XL: |  1  2  3  4  5 |
---------------+----------------+-----
Short Blades   | 3 4 |  4.1
Stealth        | 1 2 |  2.3
Armour         | 1 2 |  2.3
Fighting       | 3 |  3.4
Dodging        | 3 |  3.1
Throwing       | |  1.7

Action                   |  1- 3 |  4- 6 || total
-------------------------+-------+-------++-------
Melee: Rapier            |    62 |   156 ||   218
Throw: Throwing net      |     3 |     1 ||     4
Evoke: Wand              |       |     1 ||     1
 Stab: Sleeping          |     2 |     3 ||     5
       Held in net/web   |       |     2 ||     2
       Distracted        |       |     1 ||     1
  Eat: Chunk             |       |     5 ||     5
Armor: Leather armour    |    33 |    92 ||   125
Dodge: Dodged            |    49 |   158 ||   207
